 Dungeon Crawl Stone Soup version 0.30-a0-1103-g25895a7845 (webtiles) character file.

Game seed: 693717645710591094

153050 promet the Warrior (level 17, -9/158 HPs)
             Began as a Hill Orc Wanderer on Apr 16, 2023.
             Was a Priest of Uskayaw.
             Mangled by a spark wasp (17 damage)
             ... on level 1 of the Depths on Apr 18, 2023.
             The game lasted 06:49:07 (73121 turns).

promet the Warrior (Hill Orc Wanderer)             Turns: 73121, Time: 06:49:08

Health: -9/158     AC: 29    Str: 23    XL:     17   Next: 59%
Magic:  17/17      EV: 11    Int: 15    God:    Uskayaw [***...]
Gold:   1315       SH: 12    Dex: 13    Spells: 16/16 levels left

rFire   . . .      SeeInvis +    a - +8 mace (vamp)
rCold   . . .      Faith    .    v - +0 buckler
rNeg    . . .      Spirit   .    x - +5 chain mail of the Echidna {Contam Will+ Int+4 Dex+2}
rPois   .          Reflect  +    G - +2 hat {Will+}
rElec   .          Rampage  .    J - +2 cloak {Will+}
rCorr   .                        S - +1 pair of gloves
Will    ++++.                    m - +2 pair of boots
Stlth   +                        f - amulet of reflection
HPRegen 0.46/turn                u - +4 ring of slaying
MPRegen 0.15/turn                I - ring of see invisible

@: mighty
A: mutation resistance 1, no potion heal 1
a: Renounce Religion, Stomp, Line Pass


You were on level 1 of the Depths.
You worshipped Uskayaw.
Uskayaw was noncommittal.
You visited 6 branches of the dungeon, and saw 27 of its levels.

You collected 3454 gold pieces.
You spent 2139 gold pieces at shops.

Inventory:

Hand Weapons
 a - a +8 vampiric mace (weapon)
 b - a +0 sling of draining
 c - the +2 dagger of Niclesm {heavy, rElec Dex+4}
   (You found it on level 4 of the Dungeon)

   Dex:       It affects your dexterity (+4).
   rElec:     It insulates you from electricity.
 d - a +4 flail of draining
 n - a +0 antimagic quarterstaff
 r - a +2 shortbow of draining
 C - a +0 war axe of holy wrath
 N - a +3 scimitar of flaming
 P - a +4 war axe
 U - a +0 vampiric morningstar
Missiles
 g - 75 stones
 s - 5 atropa-tipped darts
 w - 17 poisoned darts
 V - 4 throwing nets
Armour
 m - a +2 pair of boots (worn)
 o - +2 acid dragon scales
 v - a +0 buckler (worn)
 x - the +5 chain mail of the Echidna (worn) {Contam Will+ Int+4 Dex+2}
   (You found it on level 3 of the Lair of Beasts)

   Int:       It affects your intelligence (+4).
   Dex:       It affects your dexterity (+2).
   Contam:    It causes magical contamination when unequipped.
   Will:      It increases your willpower.
 G - a +2 hat of willpower (worn)
 J - a +2 cloak of willpower (worn)
 S - a +1 pair of gloves (worn)
Jewellery
 e - a ring of willpower
 f - an amulet of reflection (around neck)
 p - a +6 ring of intelligence
 u - a +4 ring of slaying (left hand)
 y - a ring of protection from fire
 I - a ring of see invisible (right hand)
 R - a +6 ring of dexterity
Wands
 l - a wand of quicksilver (9)
 F - a wand of paralysis (14)
 H - a wand of digging (8)
 K - a wand of mindburst (4)
 M - a wand of polymorph (15)
 Q - a wand of iceblast (14)
 Y - a wand of flame (24) (quivered)
Scrolls
 i - a scroll of enchant armour
 j - 6 scrolls of poison
 B - 3 scrolls of magic mapping
 L - a scroll of noise
 O - 2 scrolls of identify
 T - a scroll of fog
Potions
 h - 6 potions of lignification
 k - 3 potions of attraction
 z - a potion of flight
 D - 2 potions of haste
 E - a potion of might
 X - 2 potions of ambrosia
Miscellaneous
 A - a tin of tremorstones (2/2)


   Skills:
 + Level 16.2 Fighting
 + Level 3.1(3.2) Short Blades
 + Level 1.4(2.6) Long Blades
 + Level 5.5(13.3) Axes
 + Level 15.1(15.4) Maces & Flails
 + Level 4.6(5.5) Polearms
 * Level 7.3 Ranged Weapons
 + Level 8.7 Throwing
 + Level 12.5 Armour
 + Level 7.6 Dodging
 + Level 8.6 Stealth
 + Level 13.3 Shields
 + Level 0.4 Unarmed Combat
 + Level 4.1 Evocations


You had 16 spell levels left.
You didn't know any spells.
Your spell library contained the following spells:

 Spells                   Type           Power      Damage    Failure   Level
 Foxfire                  Conj/Fire      0%         2x1d4     77%         1
 Magic Dart               Conj           0%         1d3       77%         1
 Call Imp                 Summ           0%         N/A       88%         2
 Cigotuvi's Dreadful Rot  Necr/Pois/Air  0%         N/A       88%         2
 Static Discharge         Conj/Air       0%         2-2/arc   88%         2
 Sublimation of Blood     Necr           0%         N/A       88%         2
 Wereblood                Tmut           0%         N/A       88%         2
 Frozen Ramparts          Ice            0%         1d1       98%         3
 Inner Flame              Hex/Fire       0%         N/A       98%         3
 Mephitic Cloud           Conj/Pois/Air  0%         N/A       98%         3
 Airstrike                Air            0%         2d(0-16)  100%        4
 Ice Form                 Ice/Tmut       0%         N/A       100%        4
 Manifold Assault         Tloc           0%         N/A       100%        4
 Passage of Golubria      Tloc           0%         N/A       100%        4
 Petrify                  Tmut/Erth      0%         N/A       100%        4
 Summon Ice Beast         Ice/Summ       0%         N/A       100%        4
 Summon Lightning Spire   Summ/Air       0%         N/A       100%        4
 Alistair's Intoxication  Tmut/Pois      0%         N/A       100%        5
 Fireball                 Conj/Fire      0%         3d3       100%        5
 Irradiate                Conj/Tmut      0%         3d11      100%        5
 Silence                  Hex/Air        0%         N/A       100%        5
 Yara's Violent Unravell  Hex/Tmut       0%         3d3       100%        5
 Dispersal                Tloc           0%         N/A       100%        6
 Eringya's Noxious Bog    Tmut/Pois      0%         N/A       100%        6
 Plasma Beam              Fire/Air       0%         2x1d11    100%        6
 Starburst                Conj/Fire      0%         6d3       100%        6
 Enfeeble                 Hex            0%         N/A       100%        7
 Summon Hydra             Summ           0%         N/A       100%        7
 Disjunction              Tloc           0%         N/A       100%        8
 Lehudib's Crystal Spear  Conj/Erth      0%         10d2      100%        8


Dungeon Overview and Level Annotations

Branches:
Dungeon (15/15)            Temple (0/1) D:4            Lair (5/5) D:9
  Swamp (2/4) Lair:3       Spider (0/4) Lair:3        Slime (0/5) Lair:5
    Orc (2/2) D:10            Elf (2/3) Orc:2        Vaults (0/5) D:13
 Depths (1/4) D:15

Altars:
Ashenzari
Cheibriados
Elyvilon
Gozag
Hepliaklqana
Makhleb
Nemelex Xobeh
Ru
Uskayaw
Vehumet
Beogh
Jiyva

Shops:
D:1 ?   D:3 (   D:9 [   Orc:1 =(!(!   Orc:2 (=*[(   Elf:1 [(*

Portals:
Trove: D:13 (give +5 ice dragon scales)

Annotations:
D:6 1 runed translucent door, Crazy Yiuf
Lair:5 3 runed translucent doors, Newt's ghost, journeyman GrGl; Sleet's ghost, journeyman MiFi; bigduke15's ghost, journeyman TrFi; bronco's ghost, journeyman MiGl; jasper's ghost, journeyman DrCj


Innate Abilities, Weirdness & Mutations

You are somewhat resistant to further mutation.
Potions are less effective at restoring your health.


Message History

The spark wasp is heavily wounded.
The spark wasp stings you!! The spark wasp shocks you!
* * * LOW HITPOINT WARNING * * *
You block the spark wasp's attack.
The spark wasp stings you but does no damage.
Uskayaw will force your foes to share their pain.
The spark wasp closely misses you.
The spark wasp attacks as you move away!
The spark wasp stings you!
* * * LOW HITPOINT WARNING * * *
The spark wasp shocks you!
* * * LOW HITPOINT WARNING * * *
The spark wasp attacks as you move away!
You block the spark wasp's attack.
Your system partially rejects the healing.
You feel better. You block the spark wasp's attack.
The spark wasp stings you but does no damage.
Your system partially rejects the healing.
You feel better. You block the spark wasp's attack.
Your system partially rejects the healing.
You feel better. The spark wasp stings you.
* * * LOW HITPOINT WARNING * * *
The spark wasp shocks you!
* * * LOW HITPOINT WARNING * * *
You block the spark wasp's attack.
You bludgeon the spark wasp!!
You feel better.
The spark wasp is heavily wounded.
The spark wasp stings you.
* * * LOW HITPOINT WARNING * * *
The spark wasp shocks you!
* * * LOW HITPOINT WARNING * * *
You hit the spark wasp.
You feel better.
The spark wasp is heavily wounded.
You block the spark wasp's attack.
You thump the spark wasp!
You feel better.
The spark wasp is severely wounded.
The spark wasp stings you!
* * * LOW HITPOINT WARNING * * *
The spark wasp shocks you!
You die...

.....#######..#.....##
..........#..........#
....##....#..##......#####
..........#..#.....###...#
...##.....#........#.....#
...#....#.#.##....##.....#
...#...##.........#......#
##.#....<[......###......##
.###########.#..@yyD..###.# .#
####.##y.###.#### .##
#..#.........# ..#
#..#D##......# . ..#### ##
#....)#....#.# .$ .....# #.
#..##3######.# ..≈
####.######. #..#.......#.#
...≈ #....#
..###......##).#.#....§
#....###..#####....†........i≈


You could see an ice dragon and 3 spark wasps.

Vanquished Creatures
  Rupert (D:15)
  A lich (Depths:1)
  Jorgrun (D:15)
  Gastronok (D:10)
  A fenstrider witch (Swamp:1)
  An orc warlord (Orc:2)
  2 very ugly things (Depths:1)
  An eleionoma (Swamp:1)
  A stone giant (Depths:1)
  Azrael (Orc:1)
  A spark wasp (Depths:1)
  A bunyip (Swamp:2)
  Josephine (D:11)
  A jiangshi (Depths:1)
  2 ettins (Depths:1)
  A deep elf death mage (Elf:1)
  A vault guard (D:13)
  An ice dragon (Depths:1)
  An ogre mage (D:15)
  7 hydras
  Harold (D:10)
  6 ghost crabs (Swamp:1)
  3 catoblepae
  4 centaur warriors
  10 two-headed ogres
  2 alligators
  A boulder beetle (D:14)
  3 death yaks (Lair:5)
  A deep troll earth mage (D:15)
  2 deep troll shamans (D:15)
  A tengu warrior (D:15)
  8 dancing weapons
  3 orc high priests (Orc:2)
  4 spriggan berserkers
  4 deep elf knights
  9 skeletal warriors
  2 skysharks
  2 deep trolls
  9 deep elf archers
  A wizard (D:15)
  2 lindwurms (Lair:5)
  An orb spider (Lair:3)
  3 spriggan druids (Swamp:1)
  5 orc knights
  12 deep elf zephyrmancers
  An oklob plant (Swamp:1)
  A necromancer (D:15)
  17 deep elf pyromancers
  12 ugly things
  7 manticores
  5 orc sorcerers
  3 cyclopes
  Joseph (D:8)
  A centaur zombie (D:15)
  3 apocalypse crabs (Swamp:1)
  A naga mage (D:15)
  3 black mambas
  Maurice (D:8)
  2 torpor snails
  4 centaur skeletons (D:15)
  Psyche (D:8)
  18 elephants
  5 rime drakes
  A gargoyle (D:12)
  An unseen horror (D:12)
  7 komodo dragons
  16 cane toads
  A tengu conjurer (Depths:1)
  10 polar bears (Lair:5)
  5 trolls
  3 hornets
  A troll (shapeshifter) (D:13)
  Grinder (D:5)
  19 blink frogs
  3 raiju (Lair:5)
  4 dream sheep
  4 tyrant leeches (Swamp:1)
  3 slime creatures (D:12)
  A jumping spider (shapeshifter) (D:15)
  Sigmund (D:5)
  2 shadows
  A spriggan (Swamp:1)
  4 air elementals
  A centaur simulacrum (D:14)
  39 yaks
  3 water elementals
  A wyvern (D:9)
  Grum (D:10)
  7 wraiths
  7 fire elementals
  10 basilisks
  A hog (shapeshifter) (D:13)
  6 vampire mosquitoes
  A redback (shapeshifter) (Elf:1)
  A steam dragon (D:8)
  5 swamp worms (Swamp:1)
  6 wargs
  11 water moccasins
  3 acid dragons
  Duvessa (D:5)
  15 hell hounds
  A sky beast (D:8)
  12 black bears
  31 orc warriors
  4 boggarts
  11 centaurs
  28 wolves
  5 ice beasts
  6 ogres
  3 phantoms
  A kobold brigand (D:10)
  Blork the orc (D:4)
  11 bullfrogs
  4 gnoll sergeants
  2 earth elementals
  2 scorpions
  Dowan (D:5)
  4 wights (D:9)
  15 killer bees
  7 electric eels
  4 howler monkeys
  2 hounds (D:5)
  25 orc priests
  A sleepcap (D:6)
  2 iguanas
  26 orc wizards
  4 hell rats
  A mummy (D:3)
  3 adders
  20 gnolls
  A white imp (D:7)
  An ufetubus (D:4)
  2 dart slugs
  70 orcs
  6 bats
  3 endoplasms (D:3)
  2 giant cockroaches
  2 goblins
  9 hobgoblins
  8 jackals
  14 kobolds
  5 quokkas
  5 ball pythons
  5 frilled lizards (D:1)
  5 rats
  2 bushes
797 creatures vanquished.

Vanquished Creatures (others)
  2 deep elf knights (Elf:1)
  A wizard (D:15)
  A deep elf pyromancer (Orc:2)
  A bloated husk (Swamp:1)
  A boggart (D:15)
  2 orcs (D:10)
  4 bushes
  52 fungi
  81 plants
145 creatures vanquished.

Grand Total: 942 creatures vanquished

Notes
Turn   | Place    | Note
-------+----------+-------------------------------------------
     0 | D:1      | promet the Hill Orc Wanderer began the quest for the Orb.
     0 | D:1      | promet set off with the following items: a +2 mace, a +0
                  | spear, a +0 buckler, a potion of mutation, a +0 leather
                  | armour.
     0 | D:1      | Reached XP level 1. HP: 14/14 MP: 1/1
    27 | D:1      | Found Giucvan's Magic Scroll Shoppe.
   249 | D:1      | Reached XP level 2. HP: 22/22 MP: 2/2
   511 | D:1      | Gained mutation: You are somewhat resistant to further
                  | mutation. [potion of mutation]
   604 | D:1      | Reached skill level 1 in Fighting
   995 | D:1      | Reached XP level 3. HP: 28/28 MP: 3/3
  1900 | D:2      | Found a hide-covered altar of Uskayaw.
  2091 | D:2      | Became a worshipper of Uskayaw the Reveller
  2362 | D:2      | Reached * piety under Uskayaw
  2379 | D:2      | You fall into a shaft and drop 1 floor!
  2459 | D:3      | Reached XP level 4. HP: 35/35 MP: 4/4
  2614 | D:3      | Reached skill level 1 in Short Blades
  2615 | D:3      | Reached ** piety under Uskayaw
  2689 | D:3      | Reached *** piety under Uskayaw
  2692 | D:3      | Reached skill level 2 in Fighting
  2692 | D:3      | Reached skill level 1 in Dodging
  2736 | D:3      | Found a white marble altar of Elyvilon.
  2807 | D:3      | Reached XP level 5. HP: 39/41 MP: 5/5
  3070 | D:3      | Found Rezxy's Weapon Shop.
  3330 | D:3      | Found a snail-covered altar of Cheibriados.
  3655 | D:4      | Found a staircase to the Ecumenical Temple.
  3762 | D:4      | Found a sparkling altar of Nemelex Xobeh.
  3892 | D:4      | Found a sacrificial altar of Ru.
  3898 | D:4      | Found a hazy altar of Hepliaklqana.
  4063 | D:4      | Found an opulent altar of Gozag.
  4102 | D:4      | Noticed a phantom
  4113 | D:4      | Killed a phantom
  4114 | D:4      | Reached skill level 3 in Fighting
  4114 | D:4      | Reached XP level 6. HP: 51/51 MP: 6/6
  4153 | D:4      | Noticed Blork the orc
  4178 | D:4      | Killed Blork the orc
  4606 | D:4      | Identified the +2 dagger of Niclesm {heavy, rElec Dex+4}
  4774 | D:5      | Entered Level 5 of the Dungeon
  4799 | D:5      | Noticed Duvessa
  4800 | D:5      | Noticed Dowan
  4827 | D:5      | Killed Duvessa
  4828 | D:5      | Reached skill level 1 in Stealth
  5143 | D:5      | Killed Dowan
  5144 | D:5      | Reached skill level 1 in Throwing
  5144 | D:5      | Reached XP level 7. HP: 15/44 MP: 7/7
  5331 | D:5      | Reached skill level 4 in Fighting
  5779 | D:5      | Reached skill level 5 in Maces & Flails
  5906 | D:5      | Noticed Sigmund
  5912 | D:5      | Killed Sigmund
  5913 | D:5      | Reached XP level 8. HP: 67/67 MP: 8/8
  5929 | D:5      | Reached **** piety under Uskayaw
  5930 | D:5      | Reached skill level 5 in Fighting
  6210 | D:5      | Noticed Grinder
  6237 | D:5      | Paralysed by Grinder for 5 turns
  6252 | D:5      | Paralysed by Grinder for 5 turns
  6269 | D:5      | Paralysed by Grinder for 4 turns
  6276 | D:5      | Killed Grinder
  7074 | D:6      | Reached skill level 5 in Shields
  7433 | D:6      | Reached skill level 6 in Fighting
  7433 | D:6      | Reached XP level 9. HP: 75/75 MP: 9/9
  7731 | D:6      | Found a runed translucent door.
  7732 | D:6      | Noticed Crazy Yiuf
  8735 | D:7      | Reached skill level 7 in Fighting
  8889 | D:8      | Noticed Joseph
  8893 | D:8      | Noticed a two-headed ogre
  8901 | D:8      | Killed Joseph
  9269 | D:8      | Noticed Maurice
  9286 | D:8      | Killed Maurice
  9471 | D:7      | Killed a two-headed ogre
  9472 | D:7      | Reached skill level 8 in Fighting
  9472 | D:7      | Reached XP level 10. HP: 70/88 MP: 10/10
 10379 | D:8      | Reached skill level 5 in Armour
 10619 | D:8      | Noticed Psyche
 10651 | D:8      | Killed Psyche
 11516 | D:9      | Found Puph's Armour Shop.
 11965 | D:9      | Reached skill level 9 in Fighting
 11979 | D:9      | Reached ***** piety under Uskayaw
 12627 | D:9      | Reached XP level 11. HP: 97/97 MP: 11/11
 12917 | D:9      | Reached skill level 10 in Maces & Flails
 13023 | D:9      | Found a staircase to the Lair.
 13243 | D:10     | Entered Level 10 of the Dungeon
 13798 | D:10     | Found a staircase to the Orcish Mines.
 14143 | D:10     | Noticed Harold
 14158 | D:10     | Killed Harold
 14159 | D:10     | Reached skill level 10 in Fighting
 14302 | D:10     | Noticed Grum
 14539 | D:10     | Found a burning altar of Makhleb.
 14749 | D:10     | Killed Grum
 14850 | D:10     | Noticed a two-headed ogre
 15813 | D:10     | Killed a two-headed ogre
 15814 | D:10     | Reached skill level 5 in Stealth
 16217 | D:11     | Noticed a centaur warrior
 16234 | D:11     | Killed a centaur warrior
 16245 | D:11     | Reached skill level 5 in Dodging
 16248 | D:11     | Noticed Josephine
 16273 | D:11     | Reached skill level 11 in Fighting
 16731 | D:11     | Noticed a two-headed ogre
 16770 | D:10     | Reached skill level 1 in Axes
 17165 | D:11     | Noticed a death knight
 17200 | D:11     | Killed Josephine
 17201 | D:11     | Reached XP level 12. HP: 45/110 MP: 12/12
 17806 | D:11     | Killed a two-headed ogre
 18434 | Lair:1   | Entered Level 1 of the Lair of Beasts
 19823 | Lair:1   | Reached skill level 5 in Axes
 20687 | Lair:2   | Noticed a skyshark
 20700 | Lair:2   | Killed a skyshark
 21120 | Lair:2   | Reached skill level 12 in Fighting
 22587 | Lair:2   | Reached XP level 13. HP: 119/119 MP: 13/13
 25246 | Lair:3   | Identified the +5 chain mail of the Echidna {Contam Will+
                  | Int+4 Dex+2}
 26223 | Lair:3   | Reached ****** piety under Uskayaw
 26338 | Lair:3   | Found a hole to the Spider Nest.
 27047 | Lair:3   | Found a staircase to the Swamp.
 27462 | Lair:4   | Identified a scroll of acquirement
 27462 | Lair:4   | Acquired 556 gold pieces
 27548 | Lair:4   | Reached skill level 13 in Fighting
 28653 | Lair:5   | Entered Level 5 of the Lair of Beasts
 29776 | Lair:5   | Reached skill level 5 in Throwing
 29776 | Lair:5   | Reached skill level 10 in Shields
 29902 | Lair:4   | Reached XP level 14. HP: 118/129 MP: 14/14
 31140 | D:1      | Bought a scroll of blinking for 75 gold pieces
 31140 | D:1      | Bought a scroll of blinking for 75 gold pieces
 31140 | D:1      | Bought a scroll of teleportation for 30 gold pieces
 32006 | Lair:5   | Found a runed translucent gate.
 32006 | Lair:5   | Found a runed translucent gate.
 32006 | Lair:5   | Found a runed translucent gate.
 32006 | Lair:5   | Noticed Newt's ghost (journeyman GrGl)
 32006 | Lair:5   | Noticed Sleet's ghost (journeyman MiFi)
 32007 | Lair:5   | Noticed jasper's ghost (journeyman DrCj)
 32007 | Lair:5   | Noticed bronco's ghost (journeyman MiGl)
 32007 | Lair:5   | Noticed bigduke15's ghost (journeyman TrFi)
 32499 | Lair:5   | Upgraded the game from 0.30-a0-1085-g990a428a5c to
                  | 0.30-a0-1094-g860fb061e7
 32821 | Lair:5   | Found a viscous altar of Jiyva.
 32821 | Lair:5   | Found a staircase to the Slime Pits.
 33652 | Lair:5   | Got the Incunable of Envenoming
 35216 | Lair:5   | Reached skill level 14 in Fighting
 36987 | D:10     | Noticed Gastronok
 37007 | D:10     | Killed Gastronok
 37558 | Orc:1    | Entered Level 1 of the Orcish Mines
 37716 | Orc:1    | Found Kath's Distillery.
 37727 | Orc:1    | Bought a potion of heal wounds for 80 gold pieces
 37727 | Orc:1    | Bought 2 potions of heal wounds for 160 gold pieces
 37788 | Orc:2    | Entered Level 2 of the Orcish Mines
 37788 | Orc:2    | Noticed Azrael
 37939 | Orc:1    | Killed Azrael
 38426 | Orc:2    | Reached XP level 15. HP: 138/138 MP: 15/15
 38713 | Orc:2    | Found Vouralad's Weapon Shoppe.
 38716 | Orc:2    | Found a staircase to the Elven Halls.
 38802 | Orc:1    | Found Waroh's Distillery.
 39360 | Orc:2    | Found a roughly hewn altar of Beogh.
 41208 | Orc:2    | Noticed an orc warlord
 41950 | Orc:2    | Killed an orc warlord
 42795 | Orc:2    | Found Cuzunoim's Antique Armour Boutique.
 42796 | Orc:2    | Found Woilism's Antique Weapon Shop.
 42798 | Orc:2    | Found Ary Jie's General Store.
 42798 | Orc:2    | Found Joulaubb's Jewellery Boutique.
 43164 | Orc:1    | Found Kojagog's Antique Weapon Boutique.
 43296 | Orc:1    | Found Boixih's Jewellery Shop.
 43336 | Orc:1    | Found Sanwajo's Antique Weapon Boutique.
 43673 | Orc:1    | Bought a ring of see invisible for 210 gold pieces
 43673 | Orc:1    | Bought a +4 ring of slaying for 1092 gold pieces
 44521 | D:12     | Found a large runed translucent door.
 44521 | D:12     | Found a large runed translucent door.
 44683 | D:12     | Paralysed by an air elemental for 1 turns
 44687 | D:12     | Paralysed by an air elemental for 1 turns
 44690 | D:12     | Paralysed by an air elemental for 1 turns
 44693 | D:12     | Paralysed by an air elemental for 1 turns
 46530 | D:13     | Found a radiant altar of Vehumet.
 46628 | D:13     | Found a portal to a secret trove of treasure.
 46985 | D:13     | Reached skill level 10 in Armour
 47181 | D:13     | Found a gate to the Vaults.
 47283 | D:13     | Upgraded the game from 0.30-a0-1094-g860fb061e7 to
                  | 0.30-a0-1103-g25895a7845
 50926 | D:15     | Entered Level 15 of the Dungeon
 50947 | D:15     | Found a sacrificial altar of Ru.
 51024 | D:15     | Found a gate leading to a gauntlet.
 51068 | D:15     | Reached skill level 1 in Long Blades
 51109 | D:15     | Noticed Jorgrun
 51128 | D:15     | Killed Jorgrun
 51129 | D:15     | Reached skill level 1 in Ranged Weapons
 51129 | D:15     | Reached XP level 16. HP: 76/147 MP: 16/16
 51631 | D:15     | Reached skill level 15 in Fighting
 51899 | D:15     | Noticed Rupert
 52235 | D:15     | Paralysed by Rupert for 4 turns
 52261 | D:15     | Killed Rupert
 53519 | D:15     | Found a broken altar of Ashenzari.
 54234 | D:15     | Found a staircase to the Depths.
 55034 | Swamp:1  | Entered Level 1 of the Swamp
 55082 | Swamp:1  | Noticed a fenstrider witch
 55606 | D:1      | Gained mutation: Potions are less effective at restoring
                  | your health. [mutagenic glow]
 57028 | Swamp:1  | You fall into a shaft and drop 1 floor!
 57695 | Swamp:1  | Killed a fenstrider witch
 58109 | Swamp:1  | Found a runed translucent door.
 58880 | Swamp:1  | Paralysed by an apocalypse crab for 4 turns
 59943 | Swamp:1  | Identified the staff of fire "Xyhoufet" {rF+ MP+9 Int+3
                  | SInv}
 60198 | Elf:1    | Entered Level 1 of the Elven Halls
 61378 | Elf:1    | Paralysed by an air elemental for 1 turns
 61382 | Elf:1    | Paralysed by an air elemental for 1 turns
 61384 | Elf:1    | Paralysed by an air elemental for 1 turns
 61623 | Elf:1    | Paralysed by an air elemental for 1 turns
 61628 | Elf:1    | Paralysed by an air elemental for 1 turns
 61632 | Elf:1    | Paralysed by an air elemental for 1 turns
 61819 | Elf:1    | Paralysed by an air elemental for 1 turns
 61876 | Elf:1    | Reached skill level 15 in Maces & Flails
 62095 | Elf:1    | Found Detait's Armour Shoppe.
 62105 | Elf:1    | Bought a +0 cloak of willpower for 207 gold pieces
 63895 | Orc:2    | Bought a scroll of enchant armour for 135 gold pieces
 64191 | D:1      | Bought a scroll of enchant armour for 75 gold pieces
 65111 | Elf:1    | Reached skill level 5 in Ranged Weapons
 65903 | Elf:1    | Reached XP level 17. HP: 134/147 MP: 17/17
 66210 | Elf:1    | Found Tyakkot's Antique Weapon Emporium.
 66566 | Elf:1    | Found Imorul's General Store.
 68174 | Elf:1    | Glimpsed the power of Zot.
 69356 | Elf:1    | Reached skill level 16 in Fighting
 69809 | Depths:1 | Entered Level 1 of the Depths
 71515 | Depths:1 | Noticed a lich
 71537 | Depths:1 | Killed a lich
 73118 | Depths:1 | HP: 2/158 [spark wasp (15)]
 73121 | Depths:1 | Mangled by a spark wasp

Illustrated notes

Levels and vault maps discovered:
D:1:      noname_arrival_rooms_in_the_neighbourhood, layout_basic, serial_shops,
          shop, serial_curves, eino_curves_02, eino_curves_03,
          minmay_tromino_v4_c
D:2:      layout_rooms, basic_altar, kennysheep_generic_room_11
D:3:      layout_loops_ring, slow_altar_2, amcnicky_altar_gilded, serial_shops,
          shop
D:4:      layout_cave_pods, nemelex_xobeh_ov_fountains_minmay,
          chequers_temple_overflow_statue_of_worship, minmay_temple_entry_hall,
          uniq_blork_the_orc
D:5:      layout_rooms, uniq_duvessa, uniq_grinder, uniq_sigmund
D:6:      layout_rooms, uniq_crazy_yiuf_cottage
D:7:      layout_loops_ring
D:8:      layout_gridville, nicolae_ossuary_entry_monument, uniq_maurice,
          uniq_joseph, uniq_psyche
D:9:      layout_basic, minmay_lair_entry_grove, serial_shops,
          nicolae_shop_advertising_works [nicolae_subvault_shop_adworks]
D:10:     layout_basic, mainiacjoe_overflow_concentric_impassable, orc_david_3,
          uniq_grum, uniq_harold, uniq_gastronok
D:11:     layout_roguey, nicolae_concentric_dashed_squares_mild, uniq_josephine
D:12:     nzn_motion_control, layout_long_grid, lightli_elemental_guards
D:13:     layout_basic, david_vaults_4, enter_trove_2, fiery_altar_vehumet
D:14:     layout_rooms, kennysheep_cross_bottleneck, nicolae_titane
D:15:     grunt_enter_depths_magical_seal, layout_basic, gauntlet_entry_generic,
          nicolae_ru_sacrificial_ziggurat, ashenzari_conservatory_becter,
          uniq_jorgrun, uniq_rupert
Lair:1:   layout_misc_corridors, chequers_serial_rivers_micro_e
Lair:2:   layout_hall_layers
Lair:3:   layout_regular_city, minmay_swamp_entry_swarm,
          nicolae_spider_entry_orb_guardian, cheibrodos_lair_caveside_slide,
          nicolae_quartered_pool_impasse, minmay_hedge_maze, minivault_11,
          chequers_serial_rivers_small_3, beast_lair_carwin_4,
          infiniplex_staircase_pool
Lair:4:   layout_loops_ring, st_stairs_11
Lair:5:   hangedman_lair_caniforms_friends, layout_gridlike,
          hangedman_lair_in_review, dpeg_slime_entry_enclosed,
          gammafunk_ghost_cemetery, chequers_serial_rivers_micro_e,
          lemuel_old_faithful
Swamp:1:  gammafunk_mikee_crab_dinner, layout_falls_marsh,
          evilmike_swamp_ruin_rubble_2, swamp_pool1,
          nicolae_swamp_oklob_treasure_island
Swamp:2:  layout_basic_swamp, nicolae_swamp_fairy_circle, swamp_pool1,
          st_swamp_ruins_1
Orc:1:    layout_caves, serial_shops, shop, nicolae_shop_tiny_real_fake_doors,
          nicolae_shop_waterfront, nicolae_shop_tiny_glass, shop_coins
Orc:2:    st_orc_congregation, layout_diamond_mine, serial_shops, shop,
          basic_altar, uniq_azrael
Elf:1:    nicolae_elf_arrival_fired_up, layout_loops_cross, serial_shops,
          nicolae_shop_trees, shop, nicolae_shop_behind_doors,
          evilmike_minifort, minmay_misc_feat_cross
Elf:2:    elven_hall_of_blades_hangedman_original
          [nicolae_blade_entry_hurt_lockers], layout_geoelf_grid,
          dreamdust_princess_bridge, uniq_louise, uniq_nikola, uniq_agnes,
          uniq_saint_roka
Depths:1: layout_honeycomb, hellmouth_2, evilmike_spriggan_trog_shrine

Skill      XL: |  1  2  3  4  5  6  7  8  9 10 11 12 13 14 15 16 17 |
---------------+----------------------------------------------------+-----
Fighting       | 1 2 3 4 6 8 9 11 12 13 14 15 16 | 16.2
Maces & Flails | 4 5 6 8 9 10 11 13 14 15 | 15.1
Short Blades   | 1 2 3 |  3.1
Shields        | 2 3 4 5 6 7 9 10 11 12 13 | 13.3
Dodging        | 1 2 3 4 5 6 7 |  7.6
Armour         | 2 3 4 5 6 7 9 10 11 12 | 12.5
Stealth        | 1 3 4 5 6 7 8 |  8.6
Throwing       | 1 2 3 5 7 8 |  8.7
Axes           | 2 5 |  5.5
Evocations     | 2 4 |  4.1
Long Blades    | 1 |  1.4
Ranged Weapons | 1 5 7 |  7.3
Polearms       | |  4.6
Unarmed Combat | |  0.4

Action                     |  1- 3 |  4- 6 |  7- 9 | 10-12 | 13-15 | 16-18 || total
---------------------------+-------+-------+-------+-------+-------+-------++-------
  Melee: Mace              |    73 |    83 |   276 |   792 |  1848 |   851 ||  3923
         Short sword       |    78 |   117 |       |     3 |       |       ||   198
         Unarmed           |       |       |       |     1 |       |     5 ||     6
         Dagger            |       |       |       |    45 |    44 |    78 ||   167
         War axe           |       |       |       |    28 |     8 |    22 ||    58
         Spear             |       |       |       |    11 |       |       ||    11
         Quick blade       |       |       |       |       |    47 |       ||    47
         Scimitar          |       |       |       |       |    13 |       ||    13
   Fire: Sling             |       |       |       |       |    16 |   269 ||   285
  Throw: Stone             |    10 |     1 |     4 |     5 |    56 |    19 ||    95
         Dart              |       |    15 |    21 |     8 |     3 |     5 ||    52
         Boomerang         |       |       |       |    37 |   293 |       ||   330
         Throwing net      |       |       |       |       |     2 |       ||     2
 Invoke: Stomp             |       |       |       |       |     1 |       ||     1
  Evoke: Wand              |       |       |     8 |     3 |    25 |    17 ||    53
         Tin of tremorston |       |       |       |       |     1 |     2 ||     3
    Use: Potion            |     1 |     1 |     2 |     1 |     3 |    28 ||    36
         Scroll            |     6 |     8 |     7 |    12 |    13 |    16 ||    62
   Stab: Paralysed         |       |     3 |     8 |    40 |    65 |    26 ||   142
         Distracted        |       |       |     1 |     3 |       |       ||     4
         Sleeping          |       |       |       |     3 |     4 |       ||     7
         Held in net/web   |       |       |       |       |     2 |       ||     2
 Armour: Leather armour    |    56 |    48 |    41 |       |       |       ||   145
         Ring mail         |       |       |    30 |       |       |       ||    30
         Chain mail        |       |       |     3 |    31 |   700 |   448 ||  1182
         Acid dragon scale |       |       |       |   225 |    23 |    38 ||   286
  Dodge: Dodged            |    80 |    73 |    97 |   324 |   553 |   341 ||  1468
  Block: Buckler           |    44 |    80 |   130 |   410 |   951 |   479 ||  2094
         Reflection        |     1 |     2 |     5 |    21 |    21 |    49 ||    99
         Other             |       |       |       |       |       |     2 ||     2

Table legend: (Time is in decaauts)
 A = Elapsed time spent in this place.
 B = Non-inter-level travel time spent in this place.
 C = Inter-level travel time spent in this place.
 D = Time resting spent in this place.
 E = Time spent auto-exploring this place.
 F = Levels seen in this place.
 G = Mean time per level.
                   A        B        C        D        E       F      G
               +--------+--------+--------+--------+--------+-----+--------+
         Total |  72738 |  68254 |   4484 |  34000 |   5260 |  27 | 2694.0 |
       Dungeon |  34170 |  30957 |   3213 |  14143 |   3411 |  15 | 2278.0 |
          Lair |  17586 |  16797 |    789 |   7923 |   1157 |   5 | 3517.2 |
         Swamp |   4337 |   4236 |    101 |   2576 |    290 |   2 | 2168.5 |
  Orcish Mines |   8743 |   8514 |    229 |   5079 |    401 |   2 | 4371.5 |
   Elven Halls |   6427 |   6276 |    151 |   3716 |      0 |   2 | 3213.5 |
        Depths |   1473 |   1473 |      0 |    561 |      0 |   1 | 1473.0 |
               +--------+--------+--------+--------+--------+-----+--------+

Top non-repeatable levels by time:
  Lair:5: 6934 daAuts
   Elf:1: 6398 daAuts
   Orc:2: 6149 daAuts
    D:15: 4712 daAuts
 Swamp:1: 4212 daAuts
    D:14: 4010 daAuts
  Lair:2: 4001 daAuts
    D:10: 3918 daAuts
  Lair:3: 3004 daAuts
     D:9: 2598 daAuts
   Orc:1: 2594 daAuts
    D:11: 2418 daAuts
     D:1: 2265 daAuts
    D:12: 2190 daAuts
  Lair:1: 2024 daAuts
